 Dungeon Crawl Stone Soup version 0.28.0-1-gb440e238dd (webtiles) character file.

Game seed: 3329009884531278484

117 FuzzyBison the Charlatan (level 4, -2/29 HPs)
             Began as a Demonspawn Artificer on Feb 23, 2022.
             Was a Priest of Hepliaklqana.
             Slain by a gnoll (6 damage)
             ... on level 4 of the Dungeon.
             The game lasted 00:17:28 (3399 turns).

FuzzyBison the Charlatan (Demonspawn Artificer)     Turns: 3399, Time: 00:17:28

Health: -2/29      AC:  8    Str: 15    XL:     4   Next: 71%
Magic:  4/4        EV: 11    Int: 12    God:    Hepliaklqana [***...]
Gold:   151        SH:  0    Dex: 13    Spells: 3/3 levels left

rFire   . . .      SeeInvis .   B - +1 dagger (venom)
rCold   . . .      Faith    .   (no shield)
rNeg    . . .      Spirit   .   f - +0 ring mail
rPois   .          Reflect  .   x - +0 helmet
rElec   .          Harm     .   (no cloak)
rCorr   .          Rampage  .   (no gloves)
Will    .....                   i - +1 pair of boots
Stlth   +.........              (no amulet)
HPRegen 0.09/turn               (no ring)
MPRegen 0.09/turn               (no ring)

@: no status effects
A: reduced essence, demonic guardian 1
a: Renounce Religion, Ancestor Life: Knight, Ancestor Life: Battlemage, Ancestor
Life: Hexer, Recall Ancestor, Ancestor Identity, Transference


You were on level 4 of the Dungeon.
You worshipped Hepliaklqana.
Hepliaklqana was most pleased with you.
You visited 1 branch of the dungeon, and saw 4 of its levels.

You collected 151 gold pieces.

Inventory:

Hand Weapons
 a - a +0 club
 g - a +0 dagger
 m - a +0 short sword
 B - a +1 dagger of venom (weapon)
Missiles
 l - 112 stones (quivered)
 n - 15 sling bullets
Armour
 b - a +0 leather armour
 f - a +0 ring mail (worn)
 i - a +1 pair of boots (worn)
 x - a +0 helmet (worn)
Magical Staves
 D - a staff of conjuration
Jewellery
 z - a +4 ring of protection
Wands
 c - a wand of flame (10)
 d - a wand of charming (15)
Scrolls
 h - a scroll of enchant weapon {unknown}
 j - a scroll of summoning {unknown}
 k - a scroll of blinking {unknown}
 p - a scroll of enchant armour {unknown}
 r - a scroll of identify {unknown}
 t - a scroll of magic mapping {unknown}
 u - a scroll of vulnerability {unknown}
 y - a scroll of noise {unknown}
 C - a scroll of teleportation {unknown}
Potions
 o - 2 potions of attraction {unknown}
 q - a potion of brilliance {unknown}
 s - a potion of curing {unknown}
 w - a potion of invisibility {unknown}
 A - a potion of lignification {unknown}
Miscellaneous
 e - a piece from Xom's chessboard (15/15)


   Skills:
 + Level 2.2 Fighting
 + Level 2.5 Armour
 + Level 1.9 Dodging
 + Level 2.0 Stealth
 + Level 3.5 Evocations


You had 3 spell levels left.
You didn't know any spells.
Your spell library contained the following spells:

 Spells                   Type           Power      Damage    Failure   Level
 Shock                    Conj/Air       0%         1d3       54%         1
 Swiftness                Air            0%         N/A       88%         3
 Airstrike                Air            0%         N/A       99%         4


Dungeon Overview and Level Annotations

Branches:
Dungeon (4/15)
 Temple: D:4-7

Altars:
Gozag
Hepliaklqana


Innate Abilities, Weirdness & Mutations

Your life essence is reduced to manifest your ancestor. (-10% HP)
A weak demonic guardian rushes to your aid.


Message History

You throw a stone.
The stone hits the gnoll but does no damage. 2 gnolls come into view.
The gnoll shouts! x2
A gnoll shaman comes into view. It is wielding a +0 whip.
Found 5 gold pieces.
The gnoll hits you but does no damage.
You swap places.
Cenhelm barely misses the gnoll.
The gnoll hits Cenhelm with a +0 whip.
Unknown command.
You swap places.
The gnoll shaman hits you with a +0 whip.
You hit the gnoll shaman.
The gnoll shaman is poisoned.
The gnoll shaman is lightly wounded.
The gnoll barely misses you. The gnoll shaman barely misses you.
You barely miss the gnoll shaman.
The gnoll shaman is moderately wounded.
The gnoll barely misses you.
A gnoll opens the door.
The gnoll shaman closely misses you. The gnoll barely misses you.
You hit the gnoll shaman but do no damage.
The gnoll shaman looks as sick as possible!
The gnoll shaman is moderately wounded.
The gnoll misses you. The gnoll hits you with a +0 whip.
The gnoll shaman utters an invocation to its god.
The gnoll shaman is healed somewhat.
You barely miss the gnoll shaman.
The gnoll shaman is moderately wounded.
The gnoll misses you. The gnoll hits you with a +0 whip. x2
The gnoll shaman calls upon its god to speed up the gnoll.
The gnoll seems to speed up.
Okay, then.
Okay, then.
As you read the scroll labelled QASTOA ILA GOANNERGH, it crumbles to dust.
You speak a Word of immense power!
You are blasted by holy energy!
A demonic guardian appears!
It was a scroll of holy word.
The gnoll hits you with a +0 whip.
* * * LOW HITPOINT WARNING * * *
The gnoll hits you with a +0 whip.
* * * LOW HITPOINT WARNING * * *
The gnoll hits you with a +0 whip.
You die...

### ....... ..
.......
..#.......
...(.....
.........
#######.......$
......ggg......
#+######@g......
.......R#####...
.......5#
........####
...........##+##
...............#
...............#
...............#
....#######....#


You could see the friendly Cenhelm the ancestor, a gnoll shaman (extremely
poisoned, ally target), 3 gnolls and a friendly shadow imp (summoned).

Vanquished Creatures
  Jessica (D:3)
  3 adders (D:3)
  A worm (D:3)
  A dart slug (D:1)
  7 bats
  2 endoplasms
  3 giant cockroaches
  7 goblins
  6 hobgoblins
  A jackal (D:1)
  4 quokkas
  5 ball pythons
  A frilled lizard (D:2)
  3 kobolds
  4 rats
49 creatures vanquished.

Vanquished Creatures (collateral kills)
  A worm (D:2)
  A jackal (D:1)
  A ball python (D:3)
  A kobold (D:1)
4 creatures vanquished.

Grand Total: 53 creatures vanquished

Notes
Turn   | Place    | Note
-------+----------+-------------------------------------------
     0 | D:1      | FuzzyBison the Demonspawn Artificer began the quest for the
                  | Orb.
     0 | D:1      | Reached XP level 1. HP: 15/15 MP: 1/1
    30 | D:1      | Reached skill level 1 in Dodging
    30 | D:1      | Reached skill level 1 in Stealth
   122 | D:1      | Gained mutation: A weak demonic guardian rushes to your
                  | aid. [demonic ancestry]
   122 | D:1      | Reached XP level 2. HP: 21/21 MP: 2/2
   328 | D:1      | Found a faded altar of an unknown god.
   331 | D:1      | Prayed at the altar of an unknown god.
   331 | D:1      | Became a worshipper of Hepliaklqana the Forgotten
   331 | D:1      | Reached * piety under Hepliaklqana
  1276 | D:2      | Reached XP level 3. HP: 7/23 MP: 3/3
  1590 | D:2      | Reached ** piety under Hepliaklqana
  2522 | D:3      | Reached XP level 4. HP: 20/29 MP: 4/4
  2653 | D:3      | Reached *** piety under Hepliaklqana
  2868 | D:3      | Noticed Jessica
  2877 | D:3      | Killed Jessica
  3181 | D:3      | Found an opulent altar of Gozag.
  3399 | D:4      | Slain by a gnoll

Illustrated notes

Levels and vault maps discovered:
D:1:      dpeg_arrival_tiny_g, layout_basic,
          hellmonk_ecumenical_altar_inner_sanctum
D:2:      layout_loops_corners
D:3:      layout_basic, general_overflow_altar, grunt_decor_one_mirror,
          uniq_jessica
D:4:      layout_basic, minmay_temple_entry_hall, uniq_blork_the_orc

Skill      XL: |  1  2  3  4 |
---------------+-------------+-----
Dodging        | 1 |  1.9
Stealth        | 1 2 |  2.0
Armour         | 2 |  2.5
Fighting       | 2 |  2.2
Evocations     | |  3.5

Action                   |  1- 3 |  4- 6 || total
-------------------------+-------+-------++-------
Melee: Club              |    16 |       ||    16
       Short sword       |   107 |     8 ||   115
       Dagger            |    14 |    22 ||    36
       Punch             |     1 |     1 ||     2
Throw: Dart              |    21 |       ||    21
       Stone             |    19 |    32 ||    51
Evoke: Wand              |     5 |       ||     5
  Use: Scroll            |       |     1 ||     1
 Stab: Sleeping          |     1 |       ||     1
Armor: Ring mail         |    58 |     7 ||    65
Dodge: Dodged            |    76 |    13 ||    89
